Map: 2000 Atmospheres LE

Players

Has - Winner!

  • Race: Protoss Protoss

黑羽快斗 (ButAlways)

  • Race: Protoss Protoss
  • League: Master

Event: DreamHack SC2 Masters 2021 Summer

VOD

Have the link to the VOD?

Description

Time

  • Played on: May 23, 2021, 7:42 a.m.
  • Length: 12:24

All games in this series

Show
View Real Time Build Order
Export as new Build Order

Has Protoss - Winner!

Build Orders: 1 Gate Expand 

Get SALT Encoding   

  12  0:00  Probe  
  13  0:12  Probe  
  14  0:18  Pylon  
  14  0:24  Probe (Chrono Boost)  
  15  0:37  Gateway  
  15  0:38  Probe (Chrono Boost)  
  15  0:42  Probe (Chrono Boost)  
  16  0:47  Assimilator  
  17  0:53  Probe  
  18  1:05  Probe  
  19  1:18  Nexus  
  19  1:21  Probe  
  20  1:32  Cybernetics Core  
  20  1:34  Probe  
  21  1:40  Assimilator  
  22  1:48  Probe  
  22  1:51  Pylon  
  22  2:00  Probe  
  23  2:12  Probe  
  23  2:15  Adept (Chrono Boost)  
  24  2:17  Stargate  
  26  2:27  Pylon  
  27  2:33  Forge  
  26  2:38  Stalker (Chrono Boost)  
  28  2:47  Shield Battery  
  28  2:52  Probe  
  28  2:53  Void Ray (Chrono Boost)  
  33  3:11  Photon Cannon  
  33  3:17  Probe (Chrono Boost), Warp Gate (Chrono Boost)  
  33  3:18  Probe (Chrono Boost)  
  37  3:27  Probe (Chrono Boost)  
  37  3:29  Probe (Chrono Boost)  
  37  3:33  Probe  
  37  3:38  Probe  
  37  3:43  Gateway  
  37  3:46  Pylon  
  37  3:48  Probe  
  38  3:51  Probe, Sentry  
  41  3:59  Pylon  
  41  4:00  Probe  
  41  4:03  Probe  
  41  4:05  Protoss Ground Weapons Level 1  
  41  4:07  Void Ray (Chrono Boost)  
  42  4:15  Probe  
  47  4:20  Probe  
  47  4:24  Twilight Council  
  48  4:27  Pylon  
  48  4:31  Probe  
  49  4:35  Probe  
  49  4:38  Shield Battery  
  50  4:44  Probe (Chrono Boost), Pylon  
  51  4:47  Probe (Chrono Boost)  
  52  4:55  Blink (Chrono Boost)  
  52  4:59  Probe (Chrono Boost)  
  54  5:01  Probe (Chrono Boost)  
  54  5:06  Probe (Chrono Boost)  
  54  5:07  Probe (Chrono Boost), Assimilator  
  54  5:09  Assimilator  
  55  5:14  Adept x2  
  55  5:16  Probe  
  55  5:19  Probe  
  58  5:28  Probe  
  58  5:30  Gateway  
  58  5:31  Gateway  
  59  5:36  Probe  
  59  5:40  Adept x2  
  64  5:49  Nexus  
  65  5:52  Pylon  
  65  5:54  Probe  
  65  5:57  Robotics Facility  
  65  5:59  Probe  
  66  6:06  Probe  
  66  6:08  Adept  
  66  6:11  Probe, Adept  
  67  6:20  Probe  
  68  6:28  Stalker x3  
  74  6:43  Probe  
  74  6:47  Probe  
  76  6:49  Protoss Ground Weapons Level 2 (Chrono Boost)  
  76  6:53  Stalker x4  
  78  6:59  Immortal (Chrono Boost)  
  78  7:00  Pylon  
  76  7:06  Gateway  
  80  7:16  Stalker x3  
  80  7:17  Stalker  
  88  7:23  Probe  
  88  7:29  Observer (Chrono Boost)  
  90  7:33  Pylon  
  90  7:39  Stalker x2  
  90  7:43  Stalker  
  91  7:46  Probe  
  91  7:48  Probe x2  
  73  7:58  Probe  
  73  8:00  Probe  
  73  8:01  Probe  
  75  8:06  Observer (Chrono Boost)  
  75  8:07  Stalker x3  
  75  8:09  Stalker x2  
  75  8:11  Probe  
  75  8:12  Probe  
  88  8:18  Photon Cannon  
  88  8:20  Pylon  
  88  8:21  Probe  
  88  8:32  Probe  
  87  8:34  Probe  
  87  8:37  Probe  
  87  8:44  Probe  
  87  8:46  Probe  
  87  8:55  Stalker x5  
  98  8:57  Probe  
  98  8:58  Pylon  
  98  9:00  Pylon  
  98  9:01  Charge (Chrono Boost), Protoss Ground Weapons Level 3 (Chrono Boost)  
  98  9:05  Probe  
  98  9:09  Photon Cannon  
  101  9:19  Stalker x3  
  101  9:21  Pylon  
  101  9:22  Stalker  
  101  9:44  Probe  
  92  9:49  Probe  
  81  9:57  Stalker x5  
  81  9:59  Probe  
  83  10:03  Probe  
  83  10:06  Probe  
  83  10:12  Probe  
  78  10:15  Probe  
  78  10:17  Gateway  
  78  10:18  Nexus  
  78  10:19  Photon Cannon  
  75  10:21  Stalker x4  
  75  10:22  Stalker  
  75  10:24  Assimilator  
  75  10:26  Gateway  
  85  10:28  Assimilator  
  85  10:29  Observer (Chrono Boost)  
  86  10:37  Probe  
  87  10:44  Stalker x3  
  87  10:45  Stalker  
  87  10:49  Probe x2  
  97  10:50  Observer  
  97  10:51  Probe  
  97  10:54  Stalker  
  101  11:07  Stalker x4  
  109  11:15  Stalker  
  109  11:18  Stalker  
  113  11:22  Probe, Pylon  
  113  11:23  Probe  
  115  11:25  Stalker  
  117  11:34  Stalker x4  
  113  12:00  Stalker  
  113  12:01  Stalker x6  
Show
View Real Time Build Order
Export as new Build Order

黑羽快斗 Protoss 

Build Orders:  

Get SALT Encoding   

  12  0:00  Probe  
  13  0:12  Probe  
  14  0:18  Pylon  
  14  0:24  Probe (Chrono Boost)  
  15  0:37  Probe (Chrono Boost)  
  15  0:39  Gateway  
  16  0:45  Probe (Chrono Boost)  
  16  0:47  Assimilator  
  17  0:51  Probe  
  18  0:57  Assimilator  
  18  1:03  Probe (Chrono Boost)  
  19  1:12  Probe (Chrono Boost)  
  19  1:15  Gateway  
  19  1:17  Probe (Chrono Boost)  
  21  1:26  Cybernetics Core  
  21  1:29  Probe  
  22  1:34  Pylon  
  22  1:41  Probe  
  23  1:54  Probe  
  24  2:02  Stalker x2  
  24  2:03  Warp Gate  
  28  2:14  Pylon  
  28  2:15  Shield Battery  
  28  2:30  Probe  
  28  2:34  Sentry x2  
  33  2:45  Probe (Chrono Boost)  
  34  2:55  Probe (Chrono Boost)  
  34  2:56  Robotics Facility  
  35  3:00  Probe (Chrono Boost)  
  36  3:08  Nexus  
  36  3:12  Shield Battery  
  36  3:13  Probe (Chrono Boost)  
  37  3:25  Probe (Chrono Boost), Pylon  
  38  3:27  Shield Battery  
  38  3:30  Probe (Chrono Boost)  
  39  3:43  Warp Prism  
  39  3:47  Robotics Bay  
  39  3:48  Probe  
  42  3:54  Sentry  
  44  3:58  Pylon  
  45  4:02  Probe  
  45  4:16  Probe (Chrono Boost)  
  46  4:24  Probe (Chrono Boost)  
  47  4:25  Observer, Stalker x2  
  53  4:32  Probe (Chrono Boost)  
  53  4:33  Probe (Chrono Boost), Twilight Council  
  54  4:38  Probe (Chrono Boost)  
  54  4:39  Probe  
  56  4:51  Probe  
  56  4:52  Adept x2  
  61  5:04  Blink (Chrono Boost)  
  61  5:05  Forge  
  61  5:08  Probe x2  
  61  5:09  Pylon  
  61  5:22  Nexus  
  59  5:29  Dark Shrine, Stalker  
  59  5:33  Stalker  
  59  5:35  Protoss Ground Weapons Level 1 (Chrono Boost)  
  63  5:47  Assimilator  
  63  5:48  Gateway  
  63  5:49  Gateway  
  63  5:56  Stalker  
  65  5:59  Assimilator  
  65  6:00  Pylon  
  64  6:05  Probe  
  64  6:08  Probe  
  64  6:11  Stalker  
  67  6:17  Probe  
  68  6:20  Stalker  
  70  6:26  Gateway  
  70  6:31  Gateway  
  70  6:32  Probe  
  70  6:38  Stalker  
  69  6:47  Sentry  
  69  6:48  Stalker, Sentry  
  71  7:03  Gateway x2  
  71  7:05  Pylon  
  71  7:09  Probe  
  72  7:17  Stalker x4  
  72  7:22  Pylon  
  80  7:36  Stalker x2  
  84  7:42  Stalker  
  86  7:46  Protoss Ground Weapons Level 2 (Chrono Boost)  
  76  7:52  Probe  
  76  7:58  Probe  
  61  7:59  Probe  
  61  8:01  Stalker x5  
  61  8:04  Probe  
  73  8:08  Pylon  
  73  8:10  Probe  
  73  8:11  Probe  
  73  8:12  Observer  
  76  8:18  Probe  
  77  8:24  Assimilator  
  77  8:26  Stalker  
  79  8:31  Immortal (Chrono Boost)  
  79  8:41  Stalker x3  
  79  8:51  Stalker x3  
  79  8:53  Pylon  
  81  8:59  Warp Prism (Chrono Boost)  
  81  9:04  Stalker  
  81  9:06  Sentry  
  87  9:10  Sentry  
  87  9:13  Stalker  
  91  9:22  Stalker x2  
  95  9:24  Assimilator  
  95  9:27  Pylon  
  95  9:29  Stalker  
  87  9:41  Stalker x2  
  75  9:48  Stalker x3  
  64  9:53  Stalker  
  57  10:07  Stalker x2  
  50  10:19  Probe (Chrono Boost)  
  54  10:21  Probe (Chrono Boost)  
  54  10:23  Probe (Chrono Boost)  
  53  10:30  Sentry x2  
  53  10:34  Immortal (Chrono Boost)  
  60  10:41  Stalker x3  
  67  10:45  Probe  
  67  10:47  Shield Battery  
  67  10:48  Probe  
  69  10:50  Probe  
  69  10:53  Stalker  
  72  10:58  Probe  
  73  11:08  Probe  
  74  11:11  Probe x2  
  74  11:14  Immortal (Chrono Boost)  
  80  11:20  Sentry x2  
  84  11:27  Stalker  
  84  11:31  Stalker  
  87  11:37  Photon Cannon  
  87  11:45  Stalker x2  
  80  11:47  Observer  
  80  11:52  Stalker x2  
  70  11:57  Stalker  
Tags
 
Add a new tag
Caveats
  • Supply blocks, unpowered buildings, or Contaminate may cause inaccurate times.
  • Supply counts are checked every 10 seconds.